 Dungeon Crawl Stone Soup version 0.29.1-13-g9f3cf754e1 (webtiles) character file.

Game seed: 17752234925533773905

2268 MacCMillion the Ruffian (level 9, -21/89 HPs)
             Began as a Troll Fighter on Feb 9, 2023.
             Was a Priest of Okawaru.
             Killed from afar by a gargoyle (24 damage)
             ... with a stone arrow
             ... on level 7 of the Dungeon.
             The game lasted 00:12:23 (6043 turns).

MacCMillion the Ruffian (Troll Fighter)             Turns: 6043, Time: 00:12:24

Health: -21/89     AC: 12    Str: 30    XL:     9   Next: 16%
Magic:  8/8        EV:  7    Int:  4    God:    Okawaru [***...]
Gold:   637        SH:  9    Dex:  9    Spells: 8/8 levels left

rFire   x . .      SeeInvis .     - Unarmed
rCold   + + .      Faith    .   b - +0 kite shield
rNeg    . . .      Spirit   .   s - +0 ice dragon scales
rPois   .          Reflect  .   (helmet restricted)
rElec   .          Harm     .   H - +0 cloak
rCorr   +          Rampage  .   (gloves unavailable)
Will    .....                   (boots unavailable)
Stlth   ..........              (no amulet)
HPRegen 1.04/turn               x - ring of resist corrosion
MPRegen 0.11/turn               (no ring)

@: no status effects
A: large, unfitting armour, claws 3, regeneration 1, shaggy fur 1, tough skin 1
a: Renounce Religion, Heroism


You were on level 7 of the Dungeon.
You worshipped Okawaru.
Okawaru was most pleased with you.
You visited 1 branch of the dungeon, and saw 7 of its levels.
You also visited: Ossuary.

You collected 637 gold pieces.

Inventory:

Missiles
 E - 3 large rocks (quivered)
 F - 19 poisoned darts
 G - 5 boomerangs
Armour
 a - a +0 troll leather armour
 b - a +0 kite shield (worn)
 s - +0 ice dragon scales (worn)
 H - a +0 cloak (worn)
Jewellery
 e - a ring of magical power
 h - a ring of magical power
 x - a ring of resist corrosion (left claw)
Wands
 u - a wand of roots (11)
 J - a wand of quicksilver (11)
Scrolls
 k - 5 scrolls of noise
 m - a scroll of butterflies {unknown}
 n - a scroll of amnesia {unknown}
 q - a scroll of torment {unknown}
 r - 2 scrolls of teleportation
 t - a scroll of poison {unknown}
 w - a scroll of vulnerability {unknown}
 y - 2 scrolls of magic mapping
 A - a scroll of immolation {unknown}
 B - a scroll of enchant weapon {unknown}
 C - a scroll of silence {unknown}
 D - 2 scrolls of identify
Potions
 c - 4 potions of might
 d - 3 potions of heal wounds {unknown}
 f - 4 potions of mutation
 g - 4 potions of lignification
 i - a potion of brilliance {unknown}
 j - a potion of cancellation {unknown}
 l - a potion of berserk rage {unknown}
 o - 7 potions of curing {unknown}
 p - 3 potions of haste {unknown}
 v - 2 potions of ambrosia {unknown}
 z - 3 potions of flight {unknown}
 I - a potion of attraction {unknown}


   Skills:
 + Level 6.2 Fighting
 - Level 2.5 Dodging
 + Level 7.0 Shields
 * Level 7.4 Unarmed Combat


You had 8 spell levels left.
You didn't know any spells.
Your spell library contained the following spells:

 Spells                   Type           Power      Damage    Failure   Level
 Freeze                   Ice            0%         1d3       97%         1
 Sublimation of Blood     Necr           0%         N/A       99%         2
 Wereblood                Tmut           0%         N/A       99%         2
 Frozen Ramparts          Ice            0%         1d1       100%        3
 Gell's Gravitas          Tloc           0%         N/A       100%        3
 Lesser Beckoning         Tloc           0%         N/A       100%        3
 Teleport Other           Tloc           0%         N/A       100%        3
 Hailstorm                Conj/Ice       0%         3d3       100%        4
 Yara's Violent Unravell  Hex/Tmut       0%         3d3       100%        5
 Dispersal                Tloc           0%         N/A       100%        6
 Statue Form              Tmut/Erth      0%         N/A       100%        6
 Orb of Destruction       Conj           0%         9d5       100%        7
 Disjunction              Tloc           0%         N/A       100%        8
 Lehudib's Crystal Spear  Conj/Erth      0%         10d2      100%        8
 Summon Guardian Golem    Hex/Summ       Unusable   N/A       N/A         3
 Spellforged Servitor     Conj/Summ      Unusable   N/A       N/A         7
 Summon Hydra             Summ           Unusable   N/A       N/A         7

Dungeon Overview and Level Annotations

Branches:
Dungeon (7/15)             Temple (0/1) D:4         Ossuary (visited)

Altars:
Cheibriados
Elyvilon
Hepliaklqana
Makhleb
Okawaru
Ru
Sif Muna
Uskayaw
Wu Jian
Xom

Shops:
D:2 (


Innate Abilities, Weirdness & Mutations

You are too large for most types of armour.
You have claws for hands.
Your natural rate of healing is unusually fast.
You are covered in fur. (AC +1)
You have tough skin. (AC +1)


Message History

The stone arrow hits you!
You scratch the gargoyle but do no damage.
The gargoyle is heavily damaged.
The gargoyle hurls a stone arrow at you.
The stone arrow misses you.
You scratch the gargoyle.
The gargoyle is heavily damaged.
The gargoyle hits you but does no damage.
You scratch the gargoyle but do no damage.
The gargoyle is heavily damaged.
The gargoyle hurls a stone arrow at you.
You block the stone arrow.
You scratch the gargoyle.
The gargoyle is heavily damaged.
The gargoyle hurls a stone arrow at you.
The stone arrow hits you!!
You scratch the gargoyle but do no damage.
The gargoyle is heavily damaged.
The gargoyle barely misses you.
You scratch the gargoyle but do no damage.
The gargoyle is heavily damaged.
The gargoyle hits you with a +0 mace!
You scratch the gargoyle but do no damage.
The gargoyle is heavily damaged.
You block the gargoyle's attack.
You scratch the gargoyle but do no damage.
The gargoyle is heavily damaged.
The gargoyle hurls a stone arrow at you.
The stone arrow hits you!
* * * LOW HITPOINT WARNING * * *
You claw the gargoyle!
The gargoyle is severely damaged.
The gargoyle hurls a stone arrow at you.
The stone arrow hits you!!
* * * LOW HITPOINT WARNING * * *
You scratch the gargoyle but do no damage.
The gargoyle is severely damaged.
The gargoyle hurls a stone arrow at you.
The stone arrow hits you!!
You die...

.....>........
####.......#
####.#.....#
...........#
####.#.....##
#.#......#### ########
..#.........# #......#
#..#########.###......#
#.. #..@9Y.....##
#####.......#
...............
.######........
...##.##. .#.. # .. #..
.. .. #.. ...


You could see a gargoyle and an ice beast.

Vanquished Creatures
  A troll (D:6)
  4 ice beasts
  2 sky beasts
  A black bear (D:5)
  A centaur (D:6)
  A phantom (D:5)
  A kobold brigand (D:7)
  An elf skeleton (D:5)
  2 scorpions
  4 hounds (D:4)
  A jelly (D:4)
  A gnoll bouda (D:6)
  2 orc priests (D:6)
  3 orc wizards
  Ijyb (D:3)
  5 iguanas
  2 human skeletons (D:5)
  8 mummies (Ossuary)
  12 gnolls
  12 adders
  A white imp (D:6)
  3 worms
  3 dart slugs
  26 orcs
  4 ball pythons
  6 endoplasms
  5 giant cockroaches
  8 goblins
  6 hobgoblins
  13 kobolds
  8 quokkas
  5 bats
  A frilled lizard (D:2)
  A hobgoblin zombie (Ossuary)
  4 kobold zombies (Ossuary)
  2 orc skeletons (D:5)
  4 orc zombies
  7 rats
  A spectral kobold (D:5)
  A butterfly (D:3)
174 creatures vanquished.

Vanquished Creatures (others)
  An orc wizard (D:6)
  An adder (D:6)
2 creatures vanquished.

Grand Total: 176 creatures vanquished

Notes
Turn   | Place    | Note
-------+----------+-------------------------------------------
     0 | D:1      | MacCMillion the Troll Fighter began the quest for the Orb.
     0 | D:1      | Reached XP level 1. HP: 22/22 MP: 0/0
    84 | D:1      | Found a faded altar of an unknown god.
   104 | D:1      | Reached XP level 2. HP: 26/29 MP: 1/1
   561 | D:2      | Reached XP level 3. HP: 36/36 MP: 2/2
   669 | D:2      | Found Ruhushacw's Weapon Shop.
   748 | D:2      | Identified the +9 dagger of Nadel {drain, rElec rF+ Dex+2
                  | Stlth+}
   899 | D:2      | Reached XP level 4. HP: 45/45 MP: 3/3
  1277 | D:3      | Got Roxanne's Directory of the Caves and Evolution
  1281 | D:3      | Found a shimmering altar of Xom.
  1479 | D:3      | Noticed Ijyb
  1493 | D:3      | Killed Ijyb
  1631 | D:3      | Reached XP level 5. HP: 53/53 MP: 4/4
  1851 | D:3      | Found a shimmering blue altar of Sif Muna.
  1851 | D:3      | Found an iron altar of Okawaru.
  1853 | D:3      | Found a burning altar of Makhleb.
  2049 | D:3      | Became a worshipper of Warmaster Okawaru
  2215 | D:4      | Reached XP level 6. HP: 59/62 MP: 5/5
  2282 | D:4      | Found an ornate altar of the Wu Jian Council.
  2414 | D:4      | Found a hide-covered altar of Uskayaw.
  2438 | D:4      | Found a staircase to the Ecumenical Temple.
  2580 | D:5      | Entered Level 5 of the Dungeon
  2606 | D:5      | Noticed an ice beast
  2614 | D:5      | Killed an ice beast
  2624 | D:5      | Reached * piety under Okawaru
  2625 | D:5      | Reached XP level 7. HP: 60/71 MP: 6/6
  2669 | D:5      | Reached skill level 5 in Shields
  2669 | D:5      | Reached skill level 5 in Unarmed Combat
  2833 | D:5      | Found a sand-covered staircase.
  2846 | D:5      | Reached ** piety under Okawaru
  2860 | Ossuary  | Entered an ossuary
  3181 | Ossuary  | Reached skill level 5 in Fighting
  3505 | D:5      | Found a white marble altar of Elyvilon.
  3513 | D:5      | Reached XP level 8. HP: 80/80 MP: 7/7
  3785 | D:5      | Found a hazy altar of Hepliaklqana.
  4119 | D:6      | Noticed a troll
  4130 | D:6      | Killed a troll
  5157 | D:6      | Reached *** piety under Okawaru
  5214 | D:6      | Reached XP level 9. HP: 86/89 MP: 8/8
  5397 | D:6      | Found a snail-covered altar of Cheibriados.
  5853 | D:7      | Found the +1 Delatra's gloves {ID++}
  5948 | D:7      | Found a sacrificial altar of Ru.
  6018 | D:7      | Noticed a gargoyle
  6042 | D:7      | HP: 2/89 [gargoyle/stone arrow (19)]
  6043 | D:7      | Killed from afar by a gargoyle

Illustrated notes

Levels and vault maps discovered:
D:1:      dpeg_arrival_houses_and_road, layout_rooms,
          ebering_ecumenical_altar_hall, minivault_14
D:2:      layout_loops_ring, serial_shops, nicolae_shop_bloodbath_and_beyond,
          corexii_leaking_fountain, minmay_split_cup_large
D:3:      layout_loops_ring, grunt_temple_overflow_open, xom_butterflies,
          hangedman_decor_clover_reticule, minmay_misc_feat_columns,
          kennysheep_decorative_pillar, uniq_ijyb
D:4:      layout_cave_pools, nicolae_uskayaw_murder_on_the_dancefloor,
          lemuel_tele_altar, minmay_temple_entry_slanted, kennysheep_nondescript
D:5:      layout_loops_ring, elyvilon_altar_5,
          nicolae_hepliaklqana_monster_ancestors,
          nicolae_ossuary_entry_catacombs, solitary_fountain
D:6:      layout_loops_ring, slow_altar_2, kennysheep_generic_room_12
D:7:      lemuel_insect_pit, layout_rooms, tso_oasis_becter,
          mainiacjoe_overflow_small_starburst, mainiacjoe_overflow_brackets,
          general_overflow_altar

Skill      XL: |  1  2  3  4  5  6  7  8  9 |
---------------+----------------------------+-----
Shields        | 3 4 5 6 7 |  7.0
Fighting       | 3 4 5 6 |  6.2
Unarmed Combat | 3 4 5 7 |  7.4
Dodging        | |  2.5

Action                   |  1- 3 |  4- 6 |  7- 9 || total
-------------------------+-------+-------+-------++-------
Melee: Unarmed           |    90 |   139 |   322 ||   551
  Use: Scroll            |       |     3 |     3 ||     6
Armor: Robe              |    22 |     5 |       ||    27
       Ice dragon scales |       |    46 |   120 ||   166
       Troll leather arm |       |       |     9 ||     9
Dodge: Dodged            |    28 |    29 |    71 ||   128
Block: Kite shield       |    23 |    53 |   128 ||   204
